 Dungeon Crawl Stone Soup version 0.31-a0-692-gf03d1854d5 (webtiles) character file.

Game seed: 6052704646121166394

147 qw the Shooter (level 5, 0/32 HPs)
             Began as a Gargoyle Hunter on Sept 6, 2023.
             Slain by an ogre
             ... wielding a +0 giant spiked club
              (13 damage)
             ... on level 4 of the Dungeon.
             The game lasted 00:00:59 (2857 turns).

qw the Shooter (Gargoyle Hunter)                    Turns: 2857, Time: 00:01:00

Health: 0/32       AC: 11    Str: 15    XL:     5   Next: 29%
Magic:  5/5        EV: 11    Int:  9    God:
Gold:   297        SH:  0    Dex: 15    Spells: 4/4 levels left

rFire   . . .        Y - +0 shortbow
rCold   . . .        (shield currently unavailable)
rNeg    + . .        c - +0 leather armour
rPois   inf          (no helmet)
rElec   +            (no cloak)
rCorr   .            i - +0 pair of gloves
SInv    .            j - +2 pair of boots
Will    .....        a - amulet of faith
Stlth   ++           (no ring)
HPRegen 0.25/turn    (no ring)
MPRegen 0.09/turn

%: faith
@: no status effects
A: sickness immunity, AC +4, negative energy resistance 1, electricity
resistance, torment resistance 1, petrification resistance
a: no special abilities


You were on level 4 of the Dungeon.
You visited 1 branch of the dungeon, and saw 4 of its levels.

You collected 297 gold pieces.


Innate Abilities, Weirdness & Mutations

You are immune to sickness and miasma.
Your stone body is resilient. (AC +4)
You are immune to poison.
You resist negative energy. (rN+)
You are resistant to electric shocks. (rElec)
You are resistant to unholy torment.
You are immune to petrification.


   Skills:
 + Level 3.0 Fighting
 - Level 6.0 Ranged Weapons
 - Level 1.0 Armour
 - Level 1.5 Dodging
 - Level 1.1 Stealth


You had 4 spell levels left.
You didn't know any spells.
Your spell library was empty.

Inventory:

Hand Weapons
 Y - a +0 shortbow (weapon)
Armour
 c - a +0 leather armour (worn)
 h - a +0 ring mail
 i - a +0 pair of gloves (worn)
 j - a +2 pair of boots (worn)
Jewellery
 a - an amulet of faith (around neck)
Scrolls
 g - a scroll of immolation {unknown}
Potions
 b - 2 potions of enlightenment {unknown}
 d - 4 potions of heal wounds
 e - 2 potions of curing
 f - a potion of resistance {unknown}
 k - a potion of cancellation {unknown}
 l - a potion of magic {unknown}
 n - a potion of invisibility {unknown}
 o - a potion of brilliance {unknown}

Dungeon Overview and Level Annotations

Branches:
Dungeon (4/15)
 Temple: D:4-7

Altars:
Cheibriados
Kikubaaqudgha
Qazlal
Vehumet
Xom
Yredelemnul


Message History

You kill the hound!
You have reached level 5!
You start resting.
HP restored.
You see here a hound corpse.
A worm comes into view.
You shoot an arrow. The arrow hits the worm.
The worm is moderately wounded.
You shoot an arrow. The arrow hits the worm.
The worm is moderately wounded.
You shoot an arrow. The arrow hits the worm.
The worm is moderately wounded.
You shoot an arrow.
The arrow hits the worm but does no damage.
The worm is moderately wounded.
You shoot an arrow. The arrow hits the worm!
The worm is severely wounded.
You shoot an arrow. The arrow barely misses the worm.
The worm bites you but does no damage.
You shoot an arrow. The arrow hits the worm!
You kill the worm!
Your Ranged Weapons skill increases to level 6!
You now have 297 gold pieces (gained 11).
You see here a worm corpse.
An ogre comes into view. It is wielding a +0 giant spiked club.
The ogre shouts!
You shoot an arrow. The arrow barely misses the ogre.
You shoot an arrow. The arrow hits the ogre.
The ogre is lightly wounded.
You shoot an arrow. The arrow barely misses the ogre.
You shoot an arrow. The arrow hits the ogre.
The ogre is heavily wounded.
You shoot an arrow. The arrow hits the ogre.
The ogre is heavily wounded.
The ogre hits you with a +0 giant spiked club!!
Ouch! That really hurt!
You shoot an arrow. The arrow hits the ogre.
The ogre is severely wounded.
The ogre hits you with a +0 giant spiked club!
You die...

........)....)......#.###.#
#######.##.#.##.#.........#
##.##.#.##.#.###.###.#
...........#.# #.# #.#
####..#.##.#.# #.#
#..#.##.#.# #.#
#..#.##.#.###.#
#.............#
#.##..@O......# #
####.#.###. ..... ##.# # .#
#


You could see an ogre.

Vanquished Creatures
  A hound (D:4)
  4 adders
  An ufetubus (D:4)
  A worm (D:4)
  2 dart slugs
  3 orcs
  5 bats
  7 endoplasms
  2 giant cockroaches
  5 goblins
  5 hobgoblins
  2 jackals (D:2)
  10 kobolds
  4 ball pythons
  6 frilled lizards
  7 rats
65 creatures vanquished.

Notes
Turn   | Place    | Note
-------+----------+-------------------------------------------
     0 | D:1      | qw the Gargoyle Hunter began the quest for the Orb.
     0 | D:1      | Reached XP level 1. HP: 12/12 MP: 1/1
     0 | D:1      | 0 ||| qw: Version: 0.3-a-76-g4403597
     0 | D:1      | 0 ||| qw: Game counter: 277
     0 | D:1      | 0 ||| qw: Melee chars always use a shield: true
     0 | D:1      | 0 ||| qw: God list: Okawaru
     0 | D:1      | 0 ||| qw: Allow faded altars: false
     0 | D:1      | 0 ||| qw: Do Orc after clearing Dungeon:15 true
     0 | D:1      | 0 ||| qw: Do second Lair branch before Depths: true
     0 | D:1      | 0 ||| qw: Lair rune preference: random
     0 | D:1      | 0 ||| qw: Goals: Normal
     0 | D:1      | 0 ||| PLANNING D:1-11
   108 | D:1      | Reached XP level 2. HP: 17/17 MP: 2/2
   537 | D:1      | Reached XP level 3. HP: 21/21 MP: 3/3
   692 | D:1      | Reached skill level 5 in Ranged Weapons
   739 | D:1      | 739 ||| READING scroll labelled ANOETY TETRA.
   740 | D:1      | 740 ||| READING scroll labelled VECZUA WYUTI.
   741 | D:1      | 741 ||| DRINKING 3 sapphire potions.
   742 | D:1      | 742 ||| DROPPING scroll of butterflies.
  1025 | D:2      | Found a faded altar of an unknown god.
  1070 | D:2      | Reached skill level 3 in Fighting
  1157 | D:2      | Reached XP level 4. HP: 21/28 MP: 4/4
  1410 | D:2      | Found a stormy altar of Qazlal.
  1605 | D:2      | 1605 ||| UPGRADING to +0 pair of gloves.
  1610 | D:2      | 1610 ||| UPGRADING to +2 pair of boots.
  1615 | D:2      | 1615 ||| UPGRADING to amulet of faith.
  1620 | D:2      | 1620 ||| READING scroll labelled HIFER UT SIU.
  1621 | D:2      | 1621 ||| READING scroll labelled ZEFRER IKHUNIU.
  1622 | D:2      | 1622 ||| READING scroll labelled IRYGIH SUSARGH.
  1643 | D:2      | 1643 ||| DRINKING 2 grey potions.
  1728 | D:3      | Reached skill level 1 in Armour
  1804 | D:3      | Found a basalt altar of Yredelemnul.
  2069 | D:3      | Found a shimmering altar of Xom.
  2069 | D:3      | Found a radiant altar of Vehumet.
  2106 | D:3      | Found a snail-covered altar of Cheibriados.
  2108 | D:3      | Found a faded altar of an unknown god.
  2110 | D:3      | Found a faded altar of an unknown god.
  2425 | D:3      | Found an ancient bone altar of Kikubaaqudgha.
  2489 | D:3      | 2489 ||| READING scroll labelled NIPIGI SIAQUV.
  2492 | D:3      | 2492 ||| READING scroll labelled IWOMIUNTOE.
  2493 | D:3      | 2493 ||| DRINKING 2 red potions.
  2494 | D:3      | 2494 ||| DROPPING potion of attraction.
  2607 | D:4      | 2607 ||| FLEEEEING.
  2769 | D:4      | Reached XP level 5. HP: 30/32 MP: 5/5
  2803 | D:4      | Reached skill level 6 in Ranged Weapons
  2851 | D:4      | Noticed an ogre
  2857 | D:4      | Slain by an ogre

Levels and vault maps discovered:
D:1:      amcnicky_arrival_single_pillar, layout_loops_ring
D:2:      layout_loops_corners, basic_altar, dreamdust_ecumenical_altar_grove,
          grunt_decor_one_mirror
D:3:      layout_loops_ring, mainiacjoe_overflow_alcove_2,
          chequers_temple_overflow_minitemple, lemuel_tele_altar
D:4:      layout_loops_ring

Skill      XL: |  1  2  3  4  5 |
---------------+----------------+-----
Ranged Weapons | 5 6 |  6.0
Fighting       | 3 |  3.0
Armour         | 1 |  1.0
Dodging        | |  1.5
Stealth        | |  1.1

Action                     |  1- 3 |  4- 6 || total
---------------------------+-------+-------++-------
   Fire: Shortbow          |   135 |   104 ||   239
    Use: Scroll            |     2 |     5 ||     7
         Potion            |     1 |     2 ||     3
 Armour: Leather armour    |    30 |    30 ||    60
  Dodge: Dodged            |    23 |    30 ||    53

Table legend:
 A = Non-vault XP
 B = Vault XP
 C = Vault XP percentage of total XP
 D = Non-vault monster count
 E = Vault monster count
 F = Vault count percentage of total count
                 A         B        C        D         E       F
            +---------+---------+-------+---------+---------+-------
      Total |     210 |       0 |   0.0 |      65 |       0 |   0.0
            +---------+---------+-------+---------+---------+-------
        D:1 |      39 |       0 |   0.0 |      23 |       0 |   0.0
        D:2 |      48 |       0 |   0.0 |      19 |       0 |   0.0
        D:3 |      44 |       0 |   0.0 |      15 |       0 |   0.0
        D:4 |      79 |       0 |   0.0 |       8 |       0 |   0.0
            +---------+---------+-------+---------+---------+-------
